[ PARTIDA AOE2 · #475774224 ]
UnrankedBritanos vs Ethiopians
[ ANÁLISIS DE REPETICIÓN · EXTRAÍDO DE LA PARTIDA GRABADA ]
Feudal
8:26
Castillos
23:20
Imperial
40:41
| APM promedio | 51.3 |
| APM pico | 96 |
| eAPM promedio | 27.8 |
| Aldeanos / militares | 212 / 599 |
Foco
⚔️ 61.4% · 🌾 38.6%
Archer ×321 · Spearman ×200 · Scout Cavalry ×52 · Trade Cart ×50 · Trebuchet (Packed) ×13 · Longbowman ×10
Feudal
8:29
Castillos
27:23
Imperial
46:10
| APM promedio | 59.5 |
| APM pico | 121 |
| eAPM promedio | 36.5 |
| Aldeanos / militares | 216 / 835 |
Foco
⚔️ 47.7% · 🌾 52.3%
Knight ×432 · Scout Cavalry ×381 · Trade Cart ×79 · Battering Ram ×20 · Trebuchet (Packed) ×2
Feudal
8:51
Castillos
22:03
Imperial
35:28
| APM promedio | 95.4 |
| APM pico | 182 |
| eAPM promedio | 63.7 |
| Aldeanos / militares | 388 / 760 |
Foco
⚔️ 80.0% · 🌾 20.0%
Archer ×393 · Spearman ×255 · Skirmisher ×72 · Trade Cart ×67 · Bombard Cannon ×31 · Trebuchet (Packed) ×9
Feudal
8:54
Castillos
23:27
Imperial
44:27
| APM promedio | 57.8 |
| APM pico | 136 |
| eAPM promedio | 35.8 |
| Aldeanos / militares | 227 / 1241 |
Foco
⚔️ 63.7% · 🌾 36.3%
Knight ×747 · Scout Cavalry ×307 · Trade Cart ×90 · Obuch ×67 · Battering Ram ×53 · Spearman ×29
Feudal
8:35
Castillos
24:07
Imperial
38:08
| APM promedio | 52.5 |
| APM pico | 120 |
| eAPM promedio | 28.0 |
| Aldeanos / militares | 232 / 939 |
Foco
⚔️ 49.7% · 🌾 50.3%
Knight ×761 · Scout Cavalry ×152 · Trade Cart ×114 · Camel Scout ×17 · Monk ×4 · Trebuchet (Packed) ×3
Feudal
8:13
Castillos
24:21
Imperial
59:23
| APM promedio | 69.3 |
| APM pico | 131 |
| eAPM promedio | 38.5 |
| Aldeanos / militares | 303 / 932 |
Foco
⚔️ 58.7% · 🌾 41.3%
Skirmisher ×345 · Archer ×217 · Spearman ×177 · Elephant Archer ×150 · Trade Cart ×94 · Trebuchet (Packed) ×24
Feudal
9:43
Castillos
22:22
Imperial
47:33
| APM promedio | 59.7 |
| APM pico | 105 |
| eAPM promedio | 28.3 |
| Aldeanos / militares | 238 / 338 |
Foco
⚔️ 41.0% · 🌾 59.0%
Mangudai ×211 · Archer ×110 · Trade Cart ×92 · Trebuchet (Packed) ×10 · Militia ×4 · Monk ×3
Feudal
8:52
Castillos
24:52
Imperial
55:04
| APM promedio | 58.3 |
| APM pico | 153 |
| eAPM promedio | 33.7 |
| Aldeanos / militares | 377 / 782 |
Foco
⚔️ 52.9% · 🌾 47.1%
Scout Cavalry ×382 · Knight ×182 · Skirmisher ×131 · Cavalry Archer ×87 · Trade Cart ×68
Mapa de la partida
Recursos iniciales + cada clic de construcción. Líneas = muros · curvas = relieve. ◆ oro · ⬟ piedra · ● bayas · ✦ reliquia · ◌ hueco del cierre
Tu base
Base de 白龍
Base de ANKR.Navvy
Base de G-Dragon
Base de Moneimon
Base de 君花客
Base de Fish
Base de Eugenius
Terreno inicial suavizado · ◌ = hueco del cierre detectado · pasá el cursor para detalles
Inputs por minuto
— [TNT] KKKFFFFFFCC - - 白龍
Build order — [TNT] KKKFFFFFFCC
Primeras 150 de 780 acciones detectadas
| 0:01 | Crear | Villager (Male) |
| 0:01 | Crear | Villager (Male) |
| 0:01 | Crear | Villager (Male) |
| 0:02 | Construir | House |
| 0:03 | Construir | House |
| 0:06 | Crear | Villager (Male) |
| 0:06 | Crear | Villager (Male) |
| 1:24 | Crear | Villager (Male) |
| 1:24 | Crear | Villager (Male) |
| 1:25 | Crear | Villager (Male) |
| 1:57 | Construir | Lumber Camp |
| 1:59 | Crear | Villager (Male) |
| 2:16 | Crear | Villager (Male) |
| 2:17 | Crear | Villager (Male) |
| 2:39 | Crear | Villager (Male) |
| 2:40 | Crear | Villager (Male) |
| 2:54 | Crear | Villager (Male) |
| 3:26 | Construir | House |
| 3:40 | Crear | Villager (Male) |
| 3:43 | Crear | Villager (Male) |
| 3:47 | Crear | Villager (Male) |
| 3:48 | Crear | Villager (Male) |
| 4:08 | Crear | Villager (Male) |
| 4:09 | Crear | Villager (Male) |
| 4:09 | Crear | Villager (Male) |
| 4:40 | Crear | Villager (Male) |
| 4:40 | Crear | Villager (Male) |
| 4:45 | Investigar | Loom |
| 5:05 | Crear | Villager (Male) |
| 5:31 | Construir | Mining Camp |
| 6:11 | Investigar | Feudal Age |
| 6:11 | Investigar | Feudal Age |
| 7:03 | Crear | Villager (Male) |
| 7:03 | Crear | Villager (Male) |
| 7:27 | Construir | Barracks |
| 7:36 | Construir | House |
| 7:46 | Construir | Palisade Wall |
| 7:55 | Construir | Barracks |
| 8:02 | Construir | Palisade Wall |
| 8:11 | Construir | Palisade Wall |
| 8:12 | Construir | Palisade Wall |
| 8:17 | Construir | Palisade Wall |
| 8:18 | Construir | Palisade Wall |
| 8:22 | Crear | Villager (Male) |
| 8:26 | Edad | Edad Feudal |
| 8:40 | Construir | Palisade Gate |
| 8:49 | Crear | Villager (Male) |
| 9:13 | Construir | Archery Range |
| 9:32 | Construir | Archery Range |
| 9:42 | Crear | Villager (Male) |
| 10:00 | Crear | Archer |
| 10:13 | Crear | Archer |
| 10:21 | Crear | Villager (Male) |
| 10:28 | Crear | Archer |
| 10:35 | Construir | House |
| 10:56 | Construir | Blacksmith |
| 11:16 | Crear | Villager (Male) |
| 11:17 | Crear | Archer |
| 11:31 | Construir | House |
| 11:33 | Construir | Palisade Wall |
| 11:38 | Crear | Archer |
| 11:44 | Crear | Archer |
| 11:48 | Crear | Villager (Male) |
| 11:58 | Construir | House |
| 12:05 | Investigar | Fletching |
| 12:24 | Construir | Mill |
| 12:29 | Crear | Archer |
| 12:29 | Crear | Archer |
| 12:47 | Crear | Archer |
| 12:47 | Crear | Archer |
| 13:03 | Crear | Archer |
| 13:03 | Crear | Archer |
| 13:09 | Crear | Villager (Male) |
| 13:15 | Crear | Archer |
| 13:27 | Crear | Villager (Male) |
| 13:33 | Crear | Archer |
| 13:38 | Construir | House |
| 13:39 | Construir | Palisade Wall |
| 13:48 | Crear | Archer |
| 13:49 | Crear | Archer |
| 14:11 | Crear | Archer |
| 14:11 | Crear | Villager (Male) |
| 14:14 | Construir | Farm |
| 14:20 | Construir | House |
| 14:20 | Construir | House |
| 14:25 | Crear | Villager (Male) |
| 14:33 | Construir | Farm |
| 14:48 | Construir | Farm |
| 14:49 | Crear | Villager (Male) |
| 14:52 | Construir | Farm |
| 15:09 | Construir | Palisade Gate |
| 15:17 | Construir | Farm |
| 15:35 | Crear | Villager (Male) |
| 15:39 | Construir | Farm |
| 16:04 | Crear | Villager (Male) |
| 16:06 | Construir | Farm |
| 16:09 | Construir | Farm |
| 16:26 | Crear | Villager (Male) |
| 16:34 | Construir | House |
| 16:34 | Construir | House |
| 16:35 | Construir | Palisade Wall |
| 16:55 | Crear | Villager (Male) |
| 16:57 | Construir | Lumber Camp |
| 16:58 | Crear | Archer |
| 17:14 | Crear | Villager (Male) |
| 17:26 | Crear | Villager (Male) |
| 17:30 | Construir | Farm |
| 17:33 | Crear | Villager (Male) |
| 17:39 | Construir | Farm |
| 18:12 | Construir | Farm |
| 18:39 | Crear | Villager (Male) |
| 18:39 | Crear | Villager (Male) |
| 18:41 | Construir | Farm |
| 19:02 | Crear | Archer |
| 19:02 | Crear | Archer |
| 19:03 | Crear | Archer |
| 19:07 | Construir | Farm |
| 19:08 | Construir | Farm |
| 19:10 | Crear | Archer |
| 19:23 | Crear | Archer |
| 19:47 | Crear | Villager (Male) |
| 19:49 | Construir | Farm |
| 19:50 | Construir | Farm |
| 19:53 | Crear | Archer |
| 19:53 | Crear | Archer |
| 20:40 | Investigar | Castle Age |
| 20:41 | Crear | Archer |
| 20:41 | Crear | Archer |
| 20:41 | Crear | Archer |
| 21:03 | Crear | Archer |
| 21:03 | Crear | Archer |
| 21:04 | Crear | Archer |
| 21:16 | Investigar | Double-Bit Axe |
| 21:17 | Investigar | Gold Mining |
| 21:34 | Crear | Villager (Male) |
| 21:37 | Construir | Archery Range |
| 21:58 | Investigar | Padded Archer Armor |
| 22:00 | Crear | Archer |
| 22:00 | Crear | Archer |
| 22:04 | Construir | House |
| 22:05 | Construir | House |
| 22:06 | Construir | Palisade Wall |
| 22:07 | Construir | Palisade Wall |
| 22:12 | Crear | Archer |
| 22:30 | Crear | Archer |
| 22:38 | Construir | House |
| 22:46 | Crear | Archer |
| 22:54 | Crear | Archer |
| 23:05 | Crear | Archer |
| 23:16 | Construir | House |
Build order — 白龍
Primeras 150 de 1433 acciones detectadas
| 0:00 | Crear | Villager (Male) |
| 0:00 | Crear | Villager (Male) |
| 0:01 | Crear | Villager (Male) |
| 0:02 | Construir | House |
| 0:03 | Construir | House |
| 0:11 | Crear | Villager (Male) |
| 1:34 | Crear | Villager (Male) |
| 1:55 | Construir | Lumber Camp |
| 2:02 | Crear | Villager (Male) |
| 2:02 | Crear | Villager (Male) |
| 2:11 | Crear | Villager (Male) |
| 2:39 | Crear | Villager (Male) |
| 2:39 | Crear | Villager (Male) |
| 3:06 | Crear | Villager (Male) |
| 3:36 | Crear | Villager (Male) |
| 3:36 | Crear | Villager (Male) |
| 3:51 | Construir | House |
| 3:55 | Crear | Villager (Male) |
| 3:58 | Crear | Villager (Male) |
| 4:17 | Crear | Villager (Male) |
| 4:17 | Crear | Villager (Male) |
| 4:38 | Construir | Mill |
| 4:51 | Crear | Villager (Male) |
| 5:23 | Crear | Villager (Male) |
| 5:23 | Crear | Villager (Male) |
| 6:19 | Investigar | Feudal Age |
| 7:20 | Crear | Villager (Male) |
| 7:25 | Construir | Barracks |
| 8:25 | Construir | House |
| 8:29 | Edad | Edad Feudal |
| 8:34 | Construir | Stable |
| 8:36 | Investigar | Double-Bit Axe |
| 8:41 | Crear | Villager (Male) |
| 9:01 | Crear | Villager (Male) |
| 9:21 | Construir | House |
| 9:25 | Crear | Scout Cavalry |
| 9:25 | Crear | Scout Cavalry |
| 9:26 | Investigar | Horse Collar |
| 9:31 | Construir | Farm |
| 9:34 | Construir | Farm |
| 9:37 | Construir | House |
| 9:49 | Construir | Farm |
| 9:56 | Crear | Scout Cavalry |
| 9:57 | Crear | Villager (Male) |
| 10:17 | Crear | Villager (Male) |
| 10:20 | Construir | Farm |
| 10:30 | Crear | Scout Cavalry |
| 10:34 | Construir | House |
| 10:35 | Construir | Palisade Wall |
| 10:41 | Crear | Villager (Male) |
| 10:52 | Crear | Scout Cavalry |
| 11:08 | Crear | Villager (Male) |
| 11:14 | Construir | Farm |
| 11:15 | Construir | Farm |
| 11:16 | Construir | Farm |
| 11:27 | Construir | Palisade Wall |
| 11:33 | Crear | Villager (Male) |
| 11:43 | Investigar | Loom |
| 11:48 | Crear | Scout Cavalry |
| 12:01 | Crear | Villager (Male) |
| 12:18 | Crear | Scout Cavalry |
| 12:23 | Crear | Villager (Male) |
| 12:37 | Crear | Scout Cavalry |
| 12:45 | Crear | Villager (Male) |
| 12:54 | Crear | Villager (Male) |
| 13:06 | Crear | Villager (Male) |
| 13:16 | Construir | Palisade Wall |
| 13:17 | Construir | Palisade Wall |
| 13:19 | Crear | Scout Cavalry |
| 13:22 | Construir | Farm |
| 13:22 | Construir | Farm |
| 13:23 | Construir | Farm |
| 13:34 | Construir | Palisade Wall |
| 13:35 | Construir | Palisade Wall |
| 13:36 | Crear | Villager (Male) |
| 13:43 | Crear | Scout Cavalry |
| 13:48 | Construir | Farm |
| 13:57 | Construir | Blacksmith |
| 14:01 | Crear | Scout Cavalry |
| 14:17 | Construir | Farm |
| 14:19 | Construir | Farm |
| 14:36 | Construir | House |
| 14:42 | Crear | Villager (Male) |
| 14:43 | Investigar | Scale Barding Armor |
| 14:49 | Crear | Scout Cavalry |
| 15:00 | Construir | House |
| 15:07 | Construir | House |
| 15:10 | Construir | Palisade Wall |
| 15:14 | Construir | Mining Camp |
| 15:15 | Crear | Villager (Male) |
| 15:21 | Construir | Mining Camp |
| 15:32 | Construir | Farm |
| 15:34 | Construir | Farm |
| 15:36 | Construir | Farm |
| 15:42 | Crear | Scout Cavalry |
| 15:42 | Crear | Villager (Male) |
| 15:56 | Crear | Scout Cavalry |
| 15:56 | Crear | Villager (Male) |
| 16:07 | Crear | Villager (Male) |
| 16:28 | Crear | Scout Cavalry |
| 16:43 | Crear | Scout Cavalry |
| 16:49 | Construir | Farm |
| 16:57 | Crear | Scout Cavalry |
| 17:02 | Crear | Villager (Male) |
| 17:09 | Construir | Stable |
| 17:18 | Crear | Scout Cavalry |
| 17:30 | Crear | Villager (Male) |
| 17:30 | Crear | Villager (Male) |
| 17:31 | Crear | Villager (Male) |
| 17:42 | Construir | Farm |
| 17:43 | Construir | Farm |
| 17:44 | Construir | Farm |
| 17:45 | Construir | Farm |
| 17:50 | Investigar | Bloodlines |
| 18:04 | Crear | Villager (Male) |
| 18:10 | Crear | Scout Cavalry |
| 18:14 | Construir | House |
| 18:15 | Construir | House |
| 18:16 | Construir | House |
| 18:30 | Crear | Scout Cavalry |
| 18:43 | Investigar | Wheelbarrow |
| 18:56 | Crear | Scout Cavalry |
| 19:08 | Investigar | Horse Collar |
| 19:08 | Investigar | Horse Collar |
| 19:10 | Crear | Villager (Male) |
| 19:13 | Crear | Scout Cavalry |
| 19:14 | Crear | Scout Cavalry |
| 19:32 | Crear | Scout Cavalry |
| 19:43 | Crear | Scout Cavalry |
| 19:51 | Construir | House |
| 19:52 | Construir | House |
| 20:01 | Crear | Scout Cavalry |
| 20:03 | Construir | Lumber Camp |
| 20:05 | Crear | Villager (Male) |
| 20:18 | Crear | Scout Cavalry |
| 20:33 | Crear | Villager (Male) |
| 20:34 | Crear | Scout Cavalry |
| 20:47 | Crear | Scout Cavalry |
| 20:52 | Crear | Scout Cavalry |
| 20:57 | Construir | Farm |
| 20:58 | Construir | Farm |
| 21:01 | Construir | House |
| 21:09 | Crear | Scout Cavalry |
| 21:16 | Crear | Villager (Male) |
| 21:27 | Construir | Farm |
| 21:28 | Construir | Farm |
| 21:28 | Construir | Farm |
| 21:28 | Construir | Farm |
| 21:28 | Construir | Farm |
| 21:39 | Crear | Scout Cavalry |
Build order — ANKR.Navvy
Primeras 150 de 1036 acciones detectadas
| 0:01 | Crear | Villager (Male) ×4 |
| 0:01 | Crear | Villager (Male) ×4 |
| 0:02 | Construir | House |
| 0:03 | Construir | House |
| 1:25 | Crear | Villager (Male) |
| 1:25 | Crear | Villager (Male) |
| 1:58 | Crear | Villager (Male) |
| 1:58 | Crear | Villager (Male) |
| 2:19 | Crear | Villager (Male) |
| 2:20 | Construir | Lumber Camp |
| 2:41 | Crear | Villager (Male) |
| 2:42 | Crear | Villager (Male) |
| 3:01 | Crear | Villager (Male) |
| 3:38 | Crear | Villager (Male) |
| 3:43 | Crear | Villager (Male) |
| 3:49 | Construir | House |
| 3:55 | Construir | House |
| 4:26 | Crear | Villager (Male) |
| 4:50 | Construir | Mining Camp |
| 4:52 | Crear | Villager (Male) |
| 5:05 | Crear | Villager (Male) |
| 5:12 | Crear | Villager (Male) |
| 5:32 | Investigar | Loom |
| 6:20 | Investigar | Feudal Age |
| 7:22 | Construir | Barracks |
| 8:01 | Crear | Villager (Male) |
| 8:24 | Construir | House |
| 8:51 | Edad | Edad Feudal |
| 8:53 | Construir | Archery Range |
| 8:55 | Construir | Archery Range |
| 9:09 | Crear | Villager (Male) |
| 9:10 | Investigar | Double-Bit Axe |
| 9:12 | Construir | Palisade Wall |
| 9:15 | Construir | Palisade Wall |
| 9:22 | Construir | Palisade Wall |
| 9:24 | Crear | Villager (Male) |
| 9:25 | Crear | Spearman |
| 9:43 | Construir | Palisade Wall |
| 9:44 | Construir | Palisade Wall |
| 9:44 | Construir | Palisade Wall |
| 9:45 | Construir | Palisade Wall |
| 9:49 | Crear | Archer |
| 9:49 | Crear | Archer |
| 9:52 | Crear | Archer |
| 9:53 | Crear | Villager (Male) |
| 10:12 | Construir | Blacksmith |
| 10:19 | Construir | House |
| 10:22 | Crear | Villager (Male) |
| 10:31 | Crear | Archer |
| 10:48 | Construir | House |
| 10:52 | Construir | Palisade Wall |
| 10:52 | Construir | Palisade Wall |
| 10:53 | Construir | Palisade Wall |
| 10:59 | Investigar | Fletching |
| 11:00 | Crear | Archer |
| 11:06 | Crear | Villager (Male) |
| 11:15 | Crear | Archer |
| 11:16 | Crear | Villager (Male) |
| 11:19 | Construir | House |
| 11:22 | Construir | Mill |
| 11:57 | Crear | Villager (Male) |
| 12:11 | Crear | Archer |
| 12:21 | Crear | Villager (Male) |
| 12:23 | Construir | Farm |
| 12:24 | Construir | Farm |
| 12:28 | Crear | Archer |
| 12:28 | Crear | Archer |
| 12:29 | Crear | Villager (Male) |
| 12:35 | Construir | House |
| 12:36 | Construir | House |
| 12:38 | Construir | Farm |
| 12:48 | Crear | Archer |
| 12:48 | Crear | Archer |
| 13:21 | Crear | Villager (Male) |
| 13:28 | Crear | Archer |
| 13:31 | Construir | House |
| 13:32 | Construir | House |
| 13:38 | Crear | Villager (Male) |
| 13:39 | Construir | Farm |
| 13:41 | Construir | Farm |
| 13:47 | Crear | Archer |
| 13:51 | Construir | House |
| 13:59 | Crear | Villager (Male) |
| 14:04 | Construir | Palisade Wall |
| 14:05 | Construir | Palisade Wall |
| 14:06 | Construir | Palisade Wall |
| 14:08 | Construir | Palisade Wall |
| 14:13 | Crear | Archer |
| 14:22 | Investigar | Padded Archer Armor |
| 14:34 | Crear | Villager (Male) |
| 14:37 | Crear | Archer |
| 14:44 | Crear | Archer |
| 14:59 | Crear | Villager (Male) |
| 15:01 | Crear | Archer |
| 15:01 | Crear | Archer |
| 15:17 | Crear | Archer |
| 15:18 | Crear | Archer |
| 15:20 | Crear | Villager (Male) |
| 15:24 | Construir | Farm |
| 15:25 | Crear | Villager (Male) |
| 15:27 | Construir | Farm |
| 15:48 | Construir | Farm |
| 15:53 | Crear | Villager (Male) |
| 15:54 | Crear | Archer |
| 15:55 | Crear | Archer |
| 16:14 | Construir | Farm |
| 16:17 | Construir | House |
| 16:20 | Construir | Farm |
| 16:25 | Crear | Villager (Male) |
| 16:32 | Construir | Watch Tower |
| 16:47 | Crear | Villager (Male) |
| 16:53 | Crear | Archer |
| 17:03 | Crear | Archer |
| 17:18 | Crear | Villager (Male) |
| 17:27 | Crear | Archer |
| 17:27 | Crear | Archer |
| 17:31 | Construir | Farm |
| 17:55 | Crear | Villager (Male) |
| 18:02 | Crear | Archer |
| 18:02 | Crear | Archer |
| 18:18 | Crear | Archer |
| 18:18 | Crear | Archer |
| 18:18 | Crear | Villager (Male) |
| 18:23 | Construir | Farm |
| 18:23 | Construir | Farm |
| 18:52 | Crear | Archer |
| 18:52 | Crear | Archer |
| 18:53 | Crear | Villager (Male) |
| 19:00 | Crear | Villager (Male) |
| 19:02 | Construir | Lumber Camp |
| 19:23 | Investigar | Castle Age |
| 19:45 | Investigar | Gold Mining |
| 20:02 | Crear | Archer |
| 20:02 | Crear | Archer |
| 20:10 | Investigar | Horse Collar |
| 20:14 | Construir | House |
| 20:32 | Crear | Archer |
| 20:32 | Crear | Archer |
| 20:57 | Crear | Villager (Male) |
| 21:15 | Crear | Archer |
| 21:15 | Crear | Archer |
| 21:17 | Crear | Villager (Male) |
| 21:52 | Crear | Archer |
| 21:52 | Crear | Archer |
| 21:59 | Construir | Mining Camp |
| 22:03 | Edad | Edad de los Castillos |
| 22:04 | Investigar | Crossbowman (upgrade) |
| 22:05 | Investigar | Bodkin Arrow |
| 22:09 | Construir | University |
| 22:30 | Crear | Villager (Male) |
Build order — G-Dragon
Primeras 150 de 1010 acciones detectadas
| 0:01 | Crear | Villager (Male) |
| 0:02 | Construir | House |
| 0:03 | Construir | House |
| 0:16 | Crear | Villager (Male) |
| 0:33 | Crear | Villager (Male) |
| 0:34 | Crear | Villager (Male) |
| 1:31 | Crear | Villager (Male) |
| 2:03 | Crear | Villager (Male) |
| 2:15 | Construir | Lumber Camp |
| 2:27 | Crear | Villager (Male) |
| 2:47 | Crear | Villager (Male) |
| 3:20 | Crear | Villager (Male) |
| 3:20 | Crear | Villager (Male) |
| 3:20 | Crear | Villager (Male) |
| 3:20 | Crear | Villager (Male) |
| 3:53 | Construir | Mill |
| 4:02 | Crear | Villager (Male) |
| 4:33 | Crear | Villager (Male) |
| 5:14 | Crear | Villager (Male) |
| 5:15 | Crear | Villager (Male) |
| 5:31 | Crear | Villager (Male) |
| 6:08 | Investigar | Loom |
| 6:44 | Investigar | Feudal Age |
| 6:44 | Investigar | Feudal Age |
| 6:55 | Construir | House |
| 7:17 | Construir | Barracks |
| 7:44 | Crear | Villager (Male) |
| 7:55 | Construir | House |
| 7:57 | Construir | Palisade Wall |
| 8:05 | Construir | Palisade Wall |
| 8:12 | Construir | Palisade Wall |
| 8:13 | Construir | Palisade Wall |
| 8:19 | Crear | Villager (Male) |
| 8:45 | Construir | Palisade Wall |
| 8:50 | Construir | Palisade Wall |
| 8:54 | Edad | Edad Feudal |
| 8:56 | Construir | Stable |
| 8:58 | Investigar | Double-Bit Axe |
| 9:02 | Crear | Villager (Male) |
| 9:16 | Investigar | Horse Collar |
| 9:27 | Crear | Villager (Male) |
| 9:41 | Crear | Scout Cavalry |
| 9:42 | Crear | Scout Cavalry |
| 9:49 | Crear | Villager (Male) |
| 9:52 | Construir | House |
| 9:53 | Construir | House |
| 10:12 | Construir | Farm |
| 10:15 | Construir | Farm |
| 10:18 | Crear | Villager (Male) |
| 10:36 | Construir | Farm |
| 10:47 | Construir | Farm |
| 10:50 | Crear | Scout Cavalry |
| 10:57 | Crear | Scout Cavalry |
| 11:03 | Construir | Palisade Wall |
| 11:05 | Crear | Villager (Male) |
| 11:11 | Construir | Farm |
| 11:17 | Crear | Scout Cavalry |
| 11:39 | Crear | Villager (Male) |
| 11:42 | Crear | Scout Cavalry |
| 11:46 | Construir | Blacksmith |
| 12:04 | Crear | Scout Cavalry |
| 12:11 | Crear | Villager (Male) |
| 12:15 | Construir | Mill |
| 12:24 | Construir | Farm |
| 12:40 | Crear | Villager (Male) |
| 12:50 | Crear | Scout Cavalry |
| 12:57 | Construir | Farm |
| 12:59 | Construir | Farm |
| 13:06 | Crear | Villager (Male) |
| 13:20 | Crear | Scout Cavalry |
| 13:26 | Construir | Farm |
| 13:28 | Construir | Farm |
| 13:34 | Crear | Villager (Male) |
| 13:53 | Construir | Palisade Wall |
| 14:01 | Crear | Villager (Male) |
| 14:02 | Investigar | Scale Barding Armor |
| 14:02 | Investigar | Scale Barding Armor |
| 14:06 | Construir | Stable |
| 14:16 | Construir | Farm |
| 14:17 | Investigar | Bloodlines |
| 14:27 | Crear | Villager (Male) |
| 14:42 | Crear | Scout Cavalry |
| 14:46 | Crear | Villager (Male) |
| 14:48 | Construir | Farm |
| 15:04 | Crear | Scout Cavalry |
| 15:09 | Construir | Farm |
| 15:10 | Construir | Farm |
| 15:16 | Construir | Building 796 |
| 15:18 | Construir | Palisade Wall |
| 15:19 | Crear | Villager (Male) |
| 15:23 | Construir | House |
| 15:24 | Construir | House |
| 15:26 | Construir | House |
| 15:28 | Construir | Palisade Wall |
| 15:28 | Construir | Palisade Wall |
| 15:41 | Investigar | Wheelbarrow |
| 15:41 | Investigar | Wheelbarrow |
| 16:00 | Crear | Villager (Male) |
| 16:27 | Construir | Mining Camp |
| 16:36 | Crear | Scout Cavalry |
| 16:36 | Crear | Scout Cavalry |
| 16:42 | Crear | Scout Cavalry |
| 16:43 | Crear | Scout Cavalry |
| 16:54 | Construir | House |
| 16:54 | Construir | House |
| 17:00 | Construir | Farm |
| 17:01 | Construir | Farm |
| 17:04 | Construir | Farm |
| 17:09 | Crear | Villager (Male) |
| 17:19 | Construir | Farm |
| 17:23 | Construir | House |
| 17:23 | Construir | Palisade Wall |
| 17:32 | Crear | Scout Cavalry |
| 17:33 | Crear | Scout Cavalry |
| 17:34 | Crear | Villager (Male) |
| 18:03 | Crear | Villager (Male) |
| 18:05 | Construir | Mining Camp |
| 18:19 | Crear | Scout Cavalry |
| 18:20 | Crear | Scout Cavalry |
| 18:29 | Construir | Mill |
| 18:33 | Crear | Villager (Male) |
| 18:34 | Crear | Scout Cavalry |
| 18:35 | Crear | Scout Cavalry |
| 18:56 | Crear | Villager (Male) |
| 19:17 | Construir | Farm |
| 19:18 | Construir | Farm |
| 19:19 | Construir | Farm |
| 19:23 | Crear | Villager (Male) |
| 19:25 | Construir | Farm |
| 19:31 | Construir | Farm |
| 19:37 | Crear | Scout Cavalry |
| 19:37 | Crear | Scout Cavalry |
| 19:47 | Crear | Villager (Male) |
| 20:04 | Construir | Farm |
| 20:14 | Construir | Mining Camp |
| 20:16 | Crear | Villager (Male) |
| 20:47 | Investigar | Castle Age |
| 20:57 | Investigar | Gold Mining |
| 21:31 | Investigar | Stone Mining |
| 21:32 | Investigar | Stone Mining |
| 21:34 | Investigar | Forging |
| 22:00 | Crear | Scout Cavalry ×4 |
| 22:12 | Construir | Watch Tower |
| 22:28 | Construir | Lumber Camp |
| 23:03 | Crear | Scout Cavalry |
| 23:04 | Crear | Scout Cavalry |
| 23:12 | Crear | Villager (Male) |
| 23:20 | Construir | Watch Tower |
| 23:24 | Crear | Scout Cavalry |
| 23:25 | Crear | Scout Cavalry |
Build order — Moneimon
Primeras 150 de 1216 acciones detectadas
| 0:00 | Crear | Villager (Male) |
| 0:01 | Crear | Villager (Male) |
| 0:01 | Crear | Villager (Male) |
| 0:02 | Construir | House |
| 0:04 | Construir | House |
| 0:06 | Crear | Villager (Male) |
| 0:06 | Crear | Villager (Male) |
| 1:23 | Construir | Lumber Camp |
| 1:25 | Crear | Villager (Male) |
| 1:26 | Crear | Villager (Male) |
| 2:07 | Crear | Villager (Male) |
| 2:07 | Crear | Villager (Male) |
| 2:31 | Crear | Villager (Male) |
| 2:31 | Crear | Villager (Male) |
| 3:02 | Crear | Villager (Male) |
| 3:02 | Crear | Villager (Male) |
| 3:14 | Construir | House |
| 3:17 | Construir | Mill |
| 3:29 | Crear | Villager (Male) |
| 3:29 | Crear | Villager (Male) |
| 3:51 | Crear | Villager (Male) |
| 3:51 | Crear | Villager (Male) |
| 3:52 | Crear | Villager (Male) |
| 4:40 | Crear | Villager (Male) |
| 4:44 | Crear | Villager (Male) |
| 4:56 | Crear | Villager (Male) |
| 5:55 | Crear | Villager (Male) |
| 6:31 | Investigar | Feudal Age |
| 6:38 | Construir | Lumber Camp |
| 7:15 | Construir | House |
| 7:32 | Investigar | Loom |
| 7:47 | Construir | Barracks |
| 8:18 | Crear | Villager (Male) |
| 8:35 | Edad | Edad Feudal |
| 8:40 | Construir | Stable |
| 8:50 | Crear | Villager (Male) |
| 8:58 | Investigar | Double-Bit Axe |
| 9:01 | Crear | Villager (Male) |
| 9:07 | Construir | House |
| 9:14 | Investigar | Horse Collar |
| 9:22 | Crear | Villager (Male) |
| 9:24 | Construir | House |
| 9:32 | Construir | Palisade Wall |
| 9:34 | Crear | Scout Cavalry |
| 9:47 | Construir | House |
| 9:53 | Construir | Farm |
| 10:00 | Crear | Villager (Male) |
| 10:17 | Crear | Scout Cavalry |
| 10:19 | Construir | House |
| 10:28 | Crear | Scout Cavalry |
| 10:32 | Construir | Farm |
| 10:42 | Construir | Farm |
| 10:45 | Construir | Farm |
| 10:51 | Construir | Palisade Wall |
| 10:57 | Crear | Villager (Male) |
| 11:10 | Construir | Farm |
| 11:23 | Crear | Villager (Male) |
| 11:29 | Construir | Farm |
| 11:32 | Crear | Scout Cavalry |
| 11:38 | Crear | Villager (Male) |
| 11:41 | Construir | House |
| 11:45 | Construir | Palisade Wall |
| 12:07 | Crear | Villager (Male) |
| 12:10 | Construir | Mining Camp |
| 12:16 | Crear | Scout Cavalry |
| 12:23 | Crear | Villager (Male) |
| 12:28 | Construir | Farm |
| 12:37 | Crear | Scout Cavalry |
| 12:46 | Construir | Farm |
| 12:55 | Crear | Scout Cavalry |
| 12:58 | Construir | Farm |
| 12:59 | Construir | Farm |
| 13:20 | Crear | Scout Cavalry |
| 13:30 | Crear | Villager (Male) |
| 13:41 | Crear | Villager (Male) |
| 13:44 | Construir | Blacksmith |
| 13:50 | Crear | Scout Cavalry |
| 13:53 | Construir | Farm |
| 14:00 | Crear | Villager (Male) |
| 14:09 | Construir | Farm |
| 14:17 | Crear | Scout Cavalry |
| 14:18 | Crear | Villager (Male) |
| 14:28 | Construir | Farm |
| 14:34 | Crear | Scout Cavalry |
| 14:44 | Crear | Scout Cavalry |
| 15:17 | Investigar | Scale Barding Armor |
| 15:17 | Investigar | Scale Barding Armor |
| 15:17 | Crear | Villager (Male) |
| 15:22 | Construir | Farm |
| 15:30 | Crear | Villager (Male) |
| 15:39 | Crear | Villager (Male) |
| 15:41 | Construir | Farm |
| 15:47 | Construir | Farm |
| 15:49 | Construir | Farm |
| 15:57 | Investigar | Bloodlines |
| 16:09 | Construir | Farm |
| 16:10 | Crear | Villager (Male) |
| 16:23 | Investigar | Forging |
| 16:26 | Construir | Farm |
| 16:49 | Crear | Villager (Male) |
| 16:52 | Construir | Farm |
| 16:57 | Crear | Scout Cavalry |
| 17:10 | Crear | Scout Cavalry |
| 17:17 | Crear | Villager (Male) |
| 17:18 | Construir | Farm |
| 17:21 | Crear | Villager (Male) |
| 17:24 | Construir | Farm |
| 17:30 | Crear | Scout Cavalry |
| 17:50 | Crear | Scout Cavalry |
| 17:57 | Crear | Scout Cavalry |
| 18:06 | Construir | Stable |
| 18:14 | Crear | Scout Cavalry |
| 18:20 | Crear | Villager (Male) |
| 18:31 | Crear | Villager (Male) |
| 18:37 | Construir | Mill |
| 18:50 | Crear | Villager (Male) |
| 18:53 | Construir | Farm |
| 19:05 | Construir | Farm |
| 19:11 | Crear | Scout Cavalry |
| 19:14 | Investigar | Wheelbarrow |
| 19:32 | Construir | Farm |
| 19:36 | Construir | House |
| 19:51 | Crear | Scout Cavalry |
| 19:51 | Crear | Scout Cavalry |
| 20:01 | Construir | Farm |
| 20:29 | Construir | Market |
| 20:32 | Crear | Scout Cavalry |
| 20:32 | Crear | Scout Cavalry |
| 20:37 | Crear | Villager (Male) |
| 21:01 | Crear | Villager (Male) |
| 21:01 | Crear | Scout Cavalry |
| 21:02 | Crear | Scout Cavalry |
| 21:06 | Construir | House |
| 21:10 | Construir | House |
| 21:42 | Investigar | Castle Age |
| 21:54 | Crear | Scout Cavalry |
| 22:14 | Crear | Scout Cavalry |
| 22:23 | Construir | Farm |
| 22:25 | Construir | House |
| 22:47 | Crear | Scout Cavalry |
| 22:47 | Crear | Scout Cavalry |
| 23:04 | Construir | Farm |
| 23:05 | Construir | House |
| 23:07 | Investigar | Gold Mining |
| 23:27 | Construir | Farm |
| 23:28 | Construir | House |
| 24:07 | Edad | Edad de los Castillos |
| 24:18 | Investigar | Chain Barding Armor |
| 24:18 | Investigar | Bow Saw |
| 24:18 | Investigar | Heavy Plow |
Build order — 君花客
Primeras 150 de 1569 acciones detectadas
| 0:01 | Crear | Villager (Male) |
| 0:01 | Crear | Villager (Male) |
| 0:02 | Crear | Villager (Male) |
| 0:02 | Construir | House |
| 0:13 | Crear | Villager (Male) |
| 0:14 | Crear | Villager (Male) |
| 1:21 | Crear | Villager (Male) |
| 1:22 | Crear | Villager (Male) |
| 1:52 | Construir | House |
| 1:53 | Construir | House |
| 2:04 | Crear | Villager (Male) |
| 2:04 | Crear | Villager (Male) |
| 2:21 | Crear | Villager (Male) |
| 2:44 | Construir | Lumber Camp |
| 2:53 | Crear | Villager (Male) |
| 2:53 | Crear | Villager (Male) |
| 3:19 | Crear | Villager (Male) |
| 3:19 | Crear | Villager (Male) |
| 3:23 | Crear | Villager (Male) |
| 3:23 | Crear | Villager (Male) |
| 3:39 | Crear | Villager (Male) |
| 3:39 | Crear | Villager (Male) |
| 4:20 | Crear | Villager (Male) |
| 4:20 | Crear | Villager (Male) |
| 4:56 | Crear | Villager (Male) |
| 4:57 | Investigar | Loom |
| 5:24 | Construir | Mining Camp |
| 6:03 | Investigar | Feudal Age |
| 6:03 | Investigar | Feudal Age |
| 7:12 | Construir | Barracks |
| 8:02 | Crear | Villager (Male) |
| 8:04 | Construir | House |
| 8:13 | Edad | Edad Feudal |
| 8:22 | Construir | Archery Range |
| 8:27 | Construir | Archery Range |
| 8:28 | Crear | Villager (Male) |
| 8:40 | Crear | Villager (Male) |
| 8:48 | Crear | Villager (Male) |
| 9:12 | Construir | Mill |
| 9:22 | Crear | Archer |
| 9:23 | Crear | Archer |
| 9:23 | Crear | Archer |
| 9:29 | Crear | Archer |
| 9:29 | Crear | Archer |
| 9:30 | Crear | Villager (Male) |
| 9:42 | Construir | House |
| 9:59 | Construir | House |
| 10:01 | Crear | Villager (Male) |
| 10:19 | Construir | Blacksmith |
| 10:30 | Crear | Archer |
| 10:30 | Crear | Archer |
| 10:30 | Crear | Archer |
| 10:36 | Crear | Archer |
| 10:37 | Crear | Archer |
| 10:49 | Crear | Villager (Male) |
| 10:49 | Crear | Villager (Male) |
| 10:53 | Crear | Archer |
| 10:54 | Crear | Archer |
| 11:04 | Crear | Archer |
| 11:04 | Crear | Archer |
| 11:17 | Investigar | Fletching |
| 11:17 | Investigar | Fletching |
| 11:20 | Construir | Palisade Wall |
| 11:29 | Crear | Archer |
| 11:30 | Crear | Archer |
| 11:33 | Crear | Villager (Male) |
| 11:51 | Crear | Archer |
| 11:51 | Crear | Archer |
| 12:00 | Crear | Archer |
| 12:00 | Crear | Archer |
| 12:14 | Crear | Archer |
| 12:15 | Crear | Archer |
| 12:22 | Construir | Watch Tower |
| 12:24 | Crear | Villager (Male) |
| 12:24 | Crear | Villager (Male) |
| 12:24 | Crear | Villager (Male) |
| 12:43 | Construir | House |
| 12:43 | Construir | Palisade Wall |
| 12:47 | Crear | Archer |
| 12:47 | Crear | Archer |
| 13:20 | Crear | Archer |
| 13:20 | Crear | Archer |
| 13:20 | Crear | Archer |
| 13:26 | Crear | Villager (Male) |
| 13:26 | Crear | Villager (Male) |
| 13:27 | Crear | Villager (Male) |
| 13:27 | Crear | Villager (Male) |
| 13:34 | Construir | Farm |
| 13:36 | Construir | Farm |
| 13:37 | Construir | Farm |
| 13:45 | Crear | Archer |
| 13:45 | Crear | Archer |
| 13:45 | Crear | Archer |
| 13:51 | Crear | Villager (Male) |
| 13:55 | Crear | Archer |
| 13:55 | Crear | Archer |
| 13:56 | Crear | Archer |
| 14:03 | Construir | House |
| 14:16 | Crear | Archer |
| 14:16 | Crear | Archer |
| 14:21 | Crear | Villager (Male) |
| 14:21 | Crear | Villager (Male) |
| 14:53 | Crear | Archer |
| 14:54 | Crear | Archer |
| 14:54 | Crear | Archer |
| 15:01 | Crear | Archer |
| 15:23 | Crear | Villager (Male) |
| 15:23 | Crear | Villager (Male) |
| 15:24 | Crear | Villager (Male) |
| 15:29 | Construir | House |
| 15:32 | Crear | Archer |
| 15:32 | Crear | Archer |
| 15:32 | Crear | Archer |
| 15:42 | Construir | Farm |
| 15:52 | Crear | Archer |
| 15:52 | Crear | Archer |
| 16:13 | Crear | Archer |
| 16:13 | Crear | Archer |
| 16:14 | Crear | Villager (Male) |
| 16:23 | Crear | Villager (Male) |
| 16:24 | Crear | Villager (Male) |
| 16:27 | Construir | Farm |
| 16:37 | Crear | Archer |
| 16:54 | Crear | Archer |
| 16:54 | Crear | Archer |
| 17:04 | Crear | Villager (Male) |
| 17:05 | Construir | House |
| 17:17 | Crear | Archer |
| 17:18 | Crear | Archer |
| 17:19 | Construir | Farm |
| 17:19 | Construir | Farm |
| 17:20 | Construir | Farm |
| 17:20 | Construir | Farm |
| 17:20 | Construir | Farm |
| 17:32 | Construir | House |
| 17:36 | Crear | Archer |
| 17:36 | Crear | Archer |
| 18:01 | Crear | Archer |
| 18:01 | Crear | Archer |
| 18:16 | Crear | Archer |
| 18:17 | Crear | Villager (Male) |
| 18:17 | Crear | Villager (Male) |
| 18:33 | Crear | Archer |
| 18:34 | Crear | Archer |
| 18:34 | Crear | Villager (Male) |
| 18:35 | Construir | Farm |
| 18:36 | Construir | Farm |
| 18:36 | Construir | Farm |
| 18:36 | Construir | Farm |
| 18:36 | Construir | Farm |
Build order — Fish
Primeras 150 de 954 acciones detectadas
| 0:01 | Crear | Villager (Male) |
| 0:01 | Crear | Villager (Male) |
| 0:01 | Crear | Villager (Male) |
| 0:02 | Construir | House |
| 0:03 | Construir | House |
| 0:07 | Crear | Villager (Male) |
| 0:07 | Crear | Villager (Male) |
| 1:25 | Crear | Villager (Male) |
| 1:25 | Crear | Villager (Male) |
| 1:26 | Crear | Villager (Male) |
| 1:50 | Construir | Lumber Camp |
| 1:59 | Crear | Villager (Male) |
| 2:16 | Crear | Villager (Male) |
| 2:16 | Crear | Villager (Male) |
| 2:46 | Crear | Villager (Male) |
| 2:46 | Crear | Villager (Male) |
| 3:14 | Crear | Villager (Male) |
| 3:14 | Crear | Villager (Male) |
| 3:33 | Crear | Villager (Male) |
| 3:33 | Crear | Villager (Male) |
| 3:50 | Construir | House |
| 4:08 | Crear | Villager (Male) |
| 4:21 | Crear | Villager (Male) |
| 4:31 | Construir | Barracks |
| 4:40 | Crear | Villager (Male) |
| 4:56 | Crear | Villager (Male) |
| 5:13 | Construir | House |
| 5:16 | Crear | Villager (Male) |
| 5:20 | Construir | House |
| 5:25 | Crear | Militia |
| 5:25 | Crear | Militia |
| 5:31 | Crear | Villager (Male) |
| 5:45 | Crear | Militia |
| 5:48 | Crear | Villager (Male) |
| 6:00 | Crear | Militia |
| 6:39 | Construir | Mill |
| 6:49 | Investigar | Loom |
| 7:33 | Investigar | Feudal Age |
| 7:33 | Investigar | Feudal Age |
| 8:12 | Construir | Mining Camp |
| 9:35 | Crear | Villager (Male) |
| 9:43 | Edad | Edad Feudal |
| 9:48 | Construir | Archery Range |
| 9:52 | Investigar | Double-Bit Axe |
| 9:52 | Investigar | Double-Bit Axe |
| 9:57 | Crear | Villager (Male) |
| 10:20 | Construir | Archery Range |
| 10:27 | Crear | Villager (Male) |
| 10:29 | Crear | Archer |
| 10:36 | Construir | House |
| 10:52 | Crear | Villager (Male) |
| 10:59 | Construir | Farm |
| 10:59 | Construir | Farm |
| 11:06 | Crear | Archer |
| 11:07 | Crear | Archer |
| 11:11 | Construir | House |
| 11:16 | Construir | Palisade Wall |
| 11:17 | Crear | Villager (Male) |
| 11:32 | Construir | Palisade Wall |
| 11:35 | Crear | Villager (Male) |
| 11:40 | Crear | Archer |
| 11:41 | Crear | Archer |
| 11:44 | Construir | Farm |
| 11:55 | Construir | Palisade Wall |
| 12:04 | Crear | Villager (Male) |
| 12:35 | Crear | Archer |
| 12:48 | Crear | Villager (Male) |
| 12:54 | Construir | Blacksmith |
| 13:06 | Construir | House |
| 13:12 | Crear | Archer |
| 13:12 | Crear | Archer |
| 13:23 | Crear | Villager (Male) |
| 13:24 | Crear | Villager (Male) |
| 13:40 | Construir | House |
| 13:44 | Crear | Archer |
| 13:45 | Crear | Archer |
| 13:46 | Crear | Villager (Male) |
| 13:52 | Construir | House |
| 14:05 | Construir | Blacksmith |
| 14:09 | Crear | Archer |
| 14:09 | Crear | Archer |
| 14:11 | Crear | Villager (Male) |
| 14:34 | Crear | Archer |
| 14:35 | Crear | Archer |
| 14:48 | Construir | Farm |
| 15:00 | Investigar | Fletching |
| 15:00 | Investigar | Fletching |
| 15:01 | Crear | Archer |
| 15:02 | Crear | Archer |
| 15:05 | Crear | Villager (Male) |
| 15:07 | Construir | Farm |
| 15:08 | Construir | Farm |
| 15:11 | Construir | Farm |
| 15:18 | Crear | Archer |
| 15:18 | Crear | Archer |
| 15:26 | Construir | Farm |
| 15:27 | Crear | Villager (Male) |
| 15:27 | Crear | Villager (Male) |
| 15:51 | Crear | Archer |
| 15:52 | Crear | Archer |
| 16:04 | Crear | Villager (Male) |
| 16:07 | Construir | Farm |
| 16:08 | Construir | Farm |
| 16:16 | Crear | Archer |
| 16:32 | Construir | House |
| 16:54 | Crear | Archer |
| 16:55 | Investigar | Padded Archer Armor |
| 16:55 | Investigar | Padded Archer Armor |
| 17:07 | Crear | Villager (Male) |
| 17:14 | Construir | Farm |
| 17:15 | Construir | Farm |
| 17:25 | Crear | Villager (Male) |
| 17:28 | Crear | Archer |
| 17:29 | Crear | Archer |
| 17:44 | Crear | Villager (Male) |
| 17:46 | Construir | Market |
| 18:08 | Crear | Archer |
| 18:18 | Construir | House |
| 18:19 | Construir | House |
| 18:53 | Crear | Archer |
| 19:19 | Construir | Lumber Camp |
| 19:42 | Investigar | Castle Age |
| 19:42 | Investigar | Castle Age |
| 19:53 | Investigar | Gold Mining |
| 19:53 | Investigar | Gold Mining |
| 19:57 | Crear | Archer |
| 19:57 | Crear | Archer |
| 20:02 | Construir | House |
| 20:09 | Crear | Archer |
| 20:29 | Crear | Archer |
| 20:29 | Crear | Archer |
| 21:18 | Crear | Archer |
| 21:18 | Crear | Archer |
| 21:43 | Crear | Archer |
| 22:11 | Crear | Archer |
| 22:11 | Crear | Archer |
| 22:16 | Construir | Farm |
| 22:22 | Edad | Edad de los Castillos |
| 22:31 | Investigar | Crossbowman (upgrade) |
| 22:31 | Investigar | Crossbowman (upgrade) |
| 22:31 | Investigar | Bodkin Arrow |
| 22:31 | Investigar | Bodkin Arrow |
| 22:39 | Construir | University |
| 22:51 | Crear | Archer |
| 22:53 | Crear | Archer |
| 23:08 | Investigar | Town Watch |
| 23:08 | Investigar | Town Watch |
| 23:09 | Investigar | Town Watch |
| 23:09 | Investigar | Bow Saw |
| 23:09 | Investigar | Bow Saw |
Build order — Eugenius
Primeras 150 de 1389 acciones detectadas
| 0:01 | Crear | Villager (Male) |
| 0:01 | Crear | Villager (Male) |
| 0:07 | Crear | Villager (Male) |
| 0:09 | Crear | Villager (Male) |
| 0:09 | Crear | Villager (Male) |
| 1:16 | Crear | Villager (Male) |
| 1:47 | Construir | Lumber Camp |
| 1:52 | Crear | Villager (Male) |
| 1:52 | Crear | Villager (Male) |
| 1:52 | Crear | Villager (Male) |
| 2:04 | Crear | Villager (Male) |
| 2:04 | Crear | Villager (Male) |
| 2:04 | Crear | Villager (Male) |
| 2:43 | Crear | Villager (Male) |
| 2:44 | Crear | Villager (Male) |
| 2:44 | Crear | Villager (Male) |
| 3:07 | Crear | Villager (Male) |
| 3:07 | Crear | Villager (Male) |
| 3:22 | Crear | Villager (Male) |
| 3:23 | Crear | Villager (Male) |
| 3:58 | Crear | Villager (Male) |
| 3:59 | Crear | Villager (Male) |
| 4:34 | Crear | Villager (Male) |
| 4:36 | Crear | Villager (Male) |
| 4:36 | Crear | Villager (Male) |
| 5:16 | Crear | Villager (Male) |
| 5:17 | Crear | Villager (Male) |
| 5:30 | Construir | Mill |
| 5:43 | Investigar | Loom |
| 5:44 | Investigar | Loom |
| 6:42 | Investigar | Feudal Age |
| 6:42 | Investigar | Feudal Age |
| 7:32 | Construir | Barracks |
| 7:49 | Crear | Villager (Male) |
| 8:52 | Edad | Edad Feudal |
| 8:54 | Crear | Villager (Male) |
| 9:02 | Construir | Stable |
| 9:05 | Investigar | Double-Bit Axe |
| 9:13 | Investigar | Horse Collar |
| 9:16 | Construir | Farm |
| 9:19 | Construir | Farm |
| 9:38 | Crear | Villager (Male) |
| 9:42 | Crear | Scout Cavalry |
| 9:42 | Crear | Scout Cavalry |
| 9:53 | Crear | Villager (Male) |
| 10:21 | Crear | Scout Cavalry |
| 10:22 | Crear | Villager (Male) |
| 10:26 | Construir | Farm |
| 10:28 | Construir | Farm |
| 10:39 | Construir | Farm |
| 10:44 | Crear | Villager (Male) |
| 11:01 | Crear | Scout Cavalry |
| 11:17 | Crear | Villager (Male) |
| 11:19 | Construir | Farm |
| 11:28 | Construir | Blacksmith |
| 11:30 | Crear | Villager (Male) |
| 11:40 | Crear | Scout Cavalry |
| 11:40 | Crear | Scout Cavalry |
| 11:40 | Crear | Scout Cavalry |
| 11:58 | Construir | Farm |
| 12:00 | Construir | Farm |
| 12:02 | Crear | Villager (Male) |
| 12:27 | Crear | Villager (Male) |
| 12:30 | Construir | Farm |
| 12:32 | Construir | Farm |
| 12:37 | Crear | Villager (Male) |
| 13:00 | Crear | Villager (Male) |
| 13:00 | Crear | Scout Cavalry |
| 13:01 | Crear | Scout Cavalry |
| 13:11 | Crear | Scout Cavalry |
| 13:28 | Crear | Villager (Male) |
| 13:36 | Crear | Scout Cavalry |
| 13:39 | Construir | Farm |
| 13:41 | Construir | Farm |
| 13:42 | Construir | Farm |
| 13:50 | Construir | Stable |
| 13:52 | Construir | Palisade Wall |
| 14:05 | Construir | Farm |
| 14:09 | Construir | Farm |
| 14:11 | Crear | Villager (Male) |
| 14:13 | Crear | Scout Cavalry |
| 14:21 | Construir | Farm |
| 14:22 | Crear | Villager (Male) |
| 14:32 | Crear | Scout Cavalry |
| 14:42 | Investigar | Scale Barding Armor |
| 14:42 | Investigar | Scale Barding Armor |
| 14:42 | Investigar | Scale Barding Armor |
| 15:02 | Construir | Farm |
| 15:06 | Crear | Villager (Male) |
| 15:10 | Construir | Farm |
| 15:11 | Construir | Farm |
| 15:22 | Crear | Scout Cavalry |
| 15:22 | Crear | Scout Cavalry |
| 15:28 | Crear | Villager (Male) |
| 15:34 | Construir | Palisade Wall |
| 15:36 | Crear | Villager (Male) |
| 15:54 | Crear | Villager (Male) |
| 16:14 | Crear | Villager (Male) |
| 16:15 | Construir | Mining Camp |
| 16:29 | Crear | Villager (Male) |
| 17:00 | Crear | Villager (Male) |
| 17:09 | Crear | Villager (Male) |
| 17:10 | Crear | Scout Cavalry |
| 17:10 | Crear | Scout Cavalry |
| 17:15 | Crear | Villager (Male) |
| 17:16 | Construir | Farm |
| 17:18 | Construir | Farm |
| 17:28 | Crear | Scout Cavalry |
| 17:28 | Crear | Scout Cavalry |
| 17:32 | Investigar | Bloodlines |
| 17:35 | Crear | Villager (Male) |
| 17:39 | Construir | Farm |
| 17:42 | Construir | Farm |
| 17:44 | Construir | Farm |
| 17:47 | Construir | Lumber Camp |
| 17:57 | Construir | Palisade Wall |
| 17:59 | Construir | Palisade Wall |
| 18:22 | Crear | Scout Cavalry |
| 18:22 | Crear | Scout Cavalry |
| 18:23 | Crear | Scout Cavalry |
| 18:23 | Crear | Scout Cavalry |
| 18:44 | Crear | Scout Cavalry |
| 18:44 | Crear | Scout Cavalry |
| 18:51 | Construir | Stable |
| 18:54 | Construir | Farm |
| 19:20 | Crear | Villager (Male) |
| 19:24 | Construir | Farm |
| 19:26 | Construir | Farm |
| 19:46 | Crear | Scout Cavalry |
| 19:49 | Crear | Scout Cavalry |
| 19:51 | Crear | Scout Cavalry |
| 19:52 | Crear | Scout Cavalry |
| 19:53 | Crear | Villager (Male) |
| 19:57 | Crear | Scout Cavalry |
| 20:16 | Investigar | Wheelbarrow |
| 20:16 | Investigar | Wheelbarrow |
| 20:27 | Crear | Scout Cavalry |
| 20:27 | Crear | Scout Cavalry |
| 20:27 | Crear | Scout Cavalry |
| 20:36 | Construir | Market |
| 20:46 | Crear | Villager (Male) |
| 21:14 | Crear | Scout Cavalry |
| 21:14 | Crear | Scout Cavalry |
| 21:15 | Crear | Scout Cavalry |
| 22:12 | Investigar | Castle Age |
| 22:57 | Investigar | Gold Mining |
| 22:57 | Investigar | Gold Mining |
| 23:07 | Construir | Palisade Wall |
| 23:14 | Construir | Palisade Wall |
| 23:48 | Investigar | Town Watch |
Cronología de la partida
| 4:31 | Fish · first_building Barracks |
| 7:12 | 君花客 · first_building Barracks |
| 7:17 | G-Dragon · first_building Barracks |
| 7:22 | ANKR.Navvy · first_building Barracks |
| 7:25 | 白龍 · first_building Barracks |
| 7:27 | [TNT] KKKFFFFFFCC · first_building Barracks |
| 7:32 | Eugenius · first_building Barracks |
| 7:46 | [TNT] KKKFFFFFFCC · wall_segment Palisade Wall x4 |
| 7:47 | Moneimon · first_building Barracks |
| 7:57 | G-Dragon · wall_segment Palisade Wall x1 |
| 8:02 | [TNT] KKKFFFFFFCC · wall_segment Palisade Wall x1 |
| 8:05 | G-Dragon · wall_segment Palisade Wall x1 |
| 8:11 | [TNT] KKKFFFFFFCC · wall_segment Palisade Wall x1 |
| 8:12 | G-Dragon · wall_segment Palisade Wall x1 |
| 8:12 | [TNT] KKKFFFFFFCC · wall_segment Palisade Wall x1 |
| 8:13 | 君花客 · age_up feudal |
| 8:13 | G-Dragon · wall_segment Palisade Wall x1 |
| 8:17 | [TNT] KKKFFFFFFCC · wall_segment Palisade Wall x1 |
| 8:18 | [TNT] KKKFFFFFFCC · wall_segment Palisade Wall x1 |
| 8:22 | 君花客 · first_building Archery Range |
| 8:26 | [TNT] KKKFFFFFFCC · age_up feudal |
| 8:29 | 白龍 · age_up feudal |
| 8:34 | 白龍 · first_building Stable |
| 8:35 | Moneimon · age_up feudal |
| 8:40 | Moneimon · first_building Stable |
| 8:45 | G-Dragon · wall_segment Palisade Wall x1 |
| 8:50 | G-Dragon · wall_segment Palisade Wall x1 |
| 8:51 | ANKR.Navvy · age_up feudal |
| 8:52 | Eugenius · age_up feudal |
| 8:53 | ANKR.Navvy · first_building Archery Range |
| 8:54 | G-Dragon · age_up feudal |
| 8:56 | G-Dragon · first_building Stable |
| 9:02 | Eugenius · first_building Stable |
| 9:12 | ANKR.Navvy · wall_segment Palisade Wall x1 |
| 9:13 | [TNT] KKKFFFFFFCC · first_building Archery Range |
| 9:15 | ANKR.Navvy · wall_segment Palisade Wall x2 |
| 9:22 | ANKR.Navvy · wall_segment Palisade Wall x1 |
| 9:32 | Moneimon · wall_segment Palisade Wall x10 |
| 9:43 | Fish · age_up feudal |
| 9:43 | ANKR.Navvy · wall_segment Palisade Wall x1 |
| 9:44 | ANKR.Navvy · wall_segment Palisade Wall x1 |
| 9:44 | ANKR.Navvy · wall_segment Palisade Wall x1 |
| 9:45 | ANKR.Navvy · wall_segment Palisade Wall x1 |
| 9:48 | Fish · first_building Archery Range |
| 10:35 | 白龍 · wall_segment Palisade Wall x1 |
| 10:51 | Moneimon · wall_segment Palisade Wall x5 |
| 10:52 | ANKR.Navvy · wall_segment Palisade Wall x3 |
| 10:52 | ANKR.Navvy · wall_segment Palisade Wall x1 |
| 10:53 | ANKR.Navvy · wall_segment Palisade Wall x1 |
| 11:03 | G-Dragon · wall_segment Palisade Wall x3 |
| 11:16 | Fish · wall_segment Palisade Wall x11 |
| 11:20 | 君花客 · wall_segment Palisade Wall x7 |
| 11:27 | 白龍 · wall_segment Palisade Wall x10 |
| 11:32 | Fish · wall_segment Palisade Wall x6 |
| 11:33 | [TNT] KKKFFFFFFCC · wall_segment Palisade Wall x8 |
| 11:45 | Moneimon · wall_segment Palisade Wall x9 |
| 11:55 | Fish · wall_segment Palisade Wall x9 |
| 12:43 | 君花客 · wall_segment Palisade Wall x1 |
| 13:16 | 白龍 · wall_segment Palisade Wall x1 |
| 13:17 | 白龍 · wall_segment Palisade Wall x1 |
| 13:34 | 白龍 · wall_segment Palisade Wall x1 |
| 13:35 | 白龍 · wall_segment Palisade Wall x2 |
| 13:39 | [TNT] KKKFFFFFFCC · wall_segment Palisade Wall x11 |
| 13:52 | Eugenius · wall_segment Palisade Wall x1 |
| 13:53 | G-Dragon · wall_segment Palisade Wall x1 |
| 14:04 | ANKR.Navvy · wall_segment Palisade Wall x1 |
| 14:05 | ANKR.Navvy · wall_segment Palisade Wall x3 |
| 14:06 | ANKR.Navvy · wall_segment Palisade Wall x2 |
| 14:08 | ANKR.Navvy · wall_segment Palisade Wall x8 |
| 15:10 | 白龍 · wall_segment Palisade Wall x7 |
| 15:18 | G-Dragon · wall_segment Palisade Wall x5 |
| 15:28 | G-Dragon · wall_segment Palisade Wall x1 |
| 15:28 | G-Dragon · wall_segment Palisade Wall x1 |
| 15:34 | Eugenius · wall_segment Palisade Wall x7 |
| 16:35 | [TNT] KKKFFFFFFCC · wall_segment Palisade Wall x1 |
| 17:23 | G-Dragon · wall_segment Palisade Wall x3 |
| 17:57 | Eugenius · wall_segment Palisade Wall x5 |
| 17:59 | Eugenius · wall_segment Palisade Wall x2 |
| 18:44 | Fish · first_market_sell 500 stone |
| 18:45 | Fish · first_market_buy 100 food |
| 21:40 | Moneimon · first_market_buy 100 food |
| 22:03 | ANKR.Navvy · age_up castle |
| 22:06 | [TNT] KKKFFFFFFCC · wall_segment Palisade Wall x1 |
| 22:07 | [TNT] KKKFFFFFFCC · wall_segment Palisade Wall x1 |
| 22:07 | Eugenius · first_market_buy 100 food |
| 22:07 | Eugenius · first_market_sell 100 wood |
| 22:22 | Fish · age_up castle |
| 23:07 | Eugenius · wall_segment Palisade Wall x3 |
| 23:14 | Eugenius · wall_segment Palisade Wall x14 |
| 23:20 | [TNT] KKKFFFFFFCC · age_up castle |
| 23:27 | G-Dragon · age_up castle |
| 23:56 | Eugenius · wall_segment Palisade Wall x12 |
| 24:07 | Moneimon · age_up castle |
| 24:21 | 君花客 · age_up castle |
| 24:52 | Eugenius · age_up castle |
| 25:16 | G-Dragon · first_building Castle |
| 26:47 | G-Dragon · wall_segment Palisade Wall x1 |
| 27:23 | 白龍 · age_up castle |
| 28:25 | 君花客 · first_market_sell 100 wood |
| 28:34 | [TNT] KKKFFFFFFCC · wall_segment Stone Wall x1 |
| 28:34 | [TNT] KKKFFFFFFCC · wall_segment Stone Wall x1 |
| 28:38 | [TNT] KKKFFFFFFCC · wall_segment Stone Wall x1 |
| 28:40 | [TNT] KKKFFFFFFCC · wall_segment Stone Wall x1 |
| 30:40 | 君花客 · first_market_buy 100 stone |
| 30:57 | ANKR.Navvy · first_building Siege Workshop |
| 31:50 | Moneimon · first_building Monastery |
| 31:54 | ANKR.Navvy · first_market_sell 100 wood |
| 33:13 | ANKR.Navvy · first_market_buy 100 wood |
| 34:58 | Moneimon · first_market_sell 500 food |
| 35:28 | ANKR.Navvy · age_up imperial |
| 35:47 | [TNT] KKKFFFFFFCC · first_building Monastery |
| 36:08 | ANKR.Navvy · first_building Castle |
| 37:27 | [TNT] KKKFFFFFFCC · first_market_sell 100 food |
| 38:08 | Moneimon · age_up imperial |
| 39:52 | Moneimon · first_building Castle |
| 40:29 | G-Dragon · first_building Monastery |
| 40:41 | [TNT] KKKFFFFFFCC · age_up imperial |
| 41:09 | G-Dragon · first_market_sell 500 wood |
| 41:10 | 白龍 · first_market_sell 500 stone |
| 41:11 | Fish · first_building Castle |
| 41:17 | 白龍 · first_building Monastery |
| 44:04 | [TNT] KKKFFFFFFCC · first_building Castle |
| 44:27 | G-Dragon · age_up imperial |
| 44:39 | 白龍 · tribute_sent a jugador 2 |
| 44:39 | 白龍 · tribute_sent a jugador 3 |
| 44:39 | 白龍 · tribute_sent a jugador 4 |
| 44:39 | 白龍 · tribute_sent a jugador 5 |
| 44:39 | 白龍 · tribute_sent a jugador 6 |
| 44:39 | 白龍 · tribute_sent a jugador 7 |
| 44:39 | 白龍 · tribute_sent a jugador 8 |
| 46:10 | 白龍 · age_up imperial |
| 46:49 | 白龍 · tribute_sent a jugador 2 |
| 46:49 | 白龍 · tribute_sent a jugador 3 |
| 46:49 | 白龍 · tribute_sent a jugador 4 |
| 46:49 | 白龍 · tribute_sent a jugador 5 |
| 46:49 | 白龍 · tribute_sent a jugador 6 |
| 46:49 | 白龍 · tribute_sent a jugador 7 |
| 46:49 | 白龍 · tribute_sent a jugador 8 |
| 47:21 | Fish · first_building Monastery |
| 47:28 | Eugenius · first_building Monastery |
| 47:33 | Fish · age_up imperial |
| 48:59 | [TNT] KKKFFFFFFCC · wall_segment Stone Wall x9 |
| 49:01 | [TNT] KKKFFFFFFCC · wall_segment Stone Wall x7 |
| 49:11 | [TNT] KKKFFFFFFCC · wall_segment Stone Wall x7 |
| 49:29 | G-Dragon · first_building Siege Workshop |
| 49:55 | Eugenius · first_building Castle |
| 50:35 | [TNT] KKKFFFFFFCC · first_market_buy 100 wood |
| 51:06 | 白龍 · first_building Castle |
| 51:37 | [TNT] KKKFFFFFFCC · wall_segment Stone Wall x3 |
| 51:39 | Fish · wall_segment Stone Wall x12 |
| 51:39 | [TNT] KKKFFFFFFCC · wall_segment Stone Wall x12 |
| 51:48 | Moneimon · tribute_sent a jugador 1 |
| 51:48 | Moneimon · tribute_sent a jugador 2 |
| 51:48 | Moneimon · tribute_sent a jugador 3 |
| 51:48 | Moneimon · tribute_sent a jugador 5 |
| 51:48 | Moneimon · tribute_sent a jugador 6 |
| 51:48 | Moneimon · tribute_sent a jugador 7 |
| 51:48 | Moneimon · tribute_sent a jugador 8 |
| 52:14 | Fish · wall_segment Stone Wall x13 |
| 52:15 | Fish · wall_segment Stone Wall x1 |
| 52:21 | 君花客 · wall_segment Palisade Wall x12 |
| 52:22 | 白龍 · tribute_sent a jugador 2 |
| 52:22 | 白龍 · tribute_sent a jugador 3 |
| 52:22 | 白龍 · tribute_sent a jugador 4 |
| 52:22 | 白龍 · tribute_sent a jugador 5 |
| 52:22 | 白龍 · tribute_sent a jugador 6 |
| 52:22 | 白龍 · tribute_sent a jugador 7 |
| 52:22 | 白龍 · tribute_sent a jugador 8 |
| 52:24 | Eugenius · first_building Archery Range |
| 52:43 | Fish · wall_segment Stone Wall x7 |
| 52:46 | Eugenius · wall_segment Palisade Wall x1 |
| 52:48 | Eugenius · wall_segment Palisade Wall x5 |
| 52:49 | Eugenius · wall_segment Palisade Wall x1 |
| 52:50 | Fish · wall_segment Stone Wall x6 |
| 52:52 | Eugenius · wall_segment Palisade Wall x7 |
| 52:54 | Eugenius · wall_segment Palisade Wall x1 |
| 52:56 | Eugenius · wall_segment Palisade Wall x4 |
| 53:02 | Eugenius · wall_segment Palisade Wall x2 |
| 53:18 | 君花客 · wall_segment Palisade Wall x1 |
| 53:25 | 君花客 · wall_segment Palisade Wall x6 |
| 53:26 | 君花客 · wall_segment Palisade Wall x5 |
| 53:27 | 君花客 · wall_segment Palisade Wall x4 |
| 53:29 | 君花客 · wall_segment Palisade Wall x6 |
| 53:32 | Fish · wall_segment Stone Wall x19 |
| 53:33 | 君花客 · wall_segment Palisade Wall x1 |
| 53:34 | 君花客 · wall_segment Palisade Wall x1 |
| 53:55 | 白龍 · tribute_sent a jugador 2 |
| 53:55 | 白龍 · tribute_sent a jugador 3 |
| 53:55 | 白龍 · tribute_sent a jugador 4 |
| 53:55 | 白龍 · tribute_sent a jugador 5 |
| 53:55 | 白龍 · tribute_sent a jugador 6 |
| 53:55 | 白龍 · tribute_sent a jugador 7 |
| 53:55 | 白龍 · tribute_sent a jugador 8 |
| 54:06 | [TNT] KKKFFFFFFCC · wall_segment Stone Wall x9 |
| 54:09 | [TNT] KKKFFFFFFCC · wall_segment Stone Wall x9 |
| 54:15 | [TNT] KKKFFFFFFCC · wall_segment Stone Wall x12 |
| 54:19 | [TNT] KKKFFFFFFCC · wall_segment Stone Wall x10 |
| 54:37 | Fish · wall_segment Stone Wall x7 |
| 54:42 | Fish · wall_segment Stone Wall x6 |
| 54:57 | 君花客 · wall_segment Palisade Wall x4 |
| 54:59 | 君花客 · wall_segment Palisade Wall x1 |
| 55:02 | [TNT] KKKFFFFFFCC · wall_segment Stone Wall x7 |
| 55:04 | Eugenius · age_up imperial |
| 55:06 | Moneimon · tribute_sent a jugador 1 |
| 55:06 | Moneimon · tribute_sent a jugador 2 |
| 55:06 | Moneimon · tribute_sent a jugador 3 |
| 55:06 | Moneimon · tribute_sent a jugador 5 |
| 55:06 | Moneimon · tribute_sent a jugador 6 |
| 55:06 | Moneimon · tribute_sent a jugador 7 |
| 55:06 | Moneimon · tribute_sent a jugador 8 |
| 55:36 | 君花客 · first_building Monastery |
| 55:39 | [TNT] KKKFFFFFFCC · wall_segment Stone Wall x4 |
| 55:50 | [TNT] KKKFFFFFFCC · wall_segment Stone Wall x10 |
| 55:53 | [TNT] KKKFFFFFFCC · wall_segment Stone Wall x13 |
| 56:16 | [TNT] KKKFFFFFFCC · tribute_sent a jugador 1 |
| 56:16 | [TNT] KKKFFFFFFCC · tribute_sent a jugador 2 |
| 56:16 | [TNT] KKKFFFFFFCC · tribute_sent a jugador 3 |
| 56:16 | [TNT] KKKFFFFFFCC · tribute_sent a jugador 4 |
| 56:16 | [TNT] KKKFFFFFFCC · tribute_sent a jugador 5 |
| 56:16 | [TNT] KKKFFFFFFCC · tribute_sent a jugador 6 |
| 56:16 | [TNT] KKKFFFFFFCC · tribute_sent a jugador 8 |
| 56:33 | Moneimon · tribute_sent a jugador 1 |
| 56:33 | Moneimon · tribute_sent a jugador 2 |
| 56:33 | Moneimon · tribute_sent a jugador 3 |
| 56:33 | Moneimon · tribute_sent a jugador 5 |
| 56:33 | Moneimon · tribute_sent a jugador 6 |
| 56:33 | Moneimon · tribute_sent a jugador 7 |
| 56:33 | Moneimon · tribute_sent a jugador 8 |
| 56:48 | Eugenius · tribute_sent a jugador 1 |
| 56:48 | Eugenius · tribute_sent a jugador 2 |
| 56:48 | Eugenius · tribute_sent a jugador 3 |
| 56:48 | Eugenius · tribute_sent a jugador 4 |
| 56:48 | Eugenius · tribute_sent a jugador 5 |
| 56:48 | Eugenius · tribute_sent a jugador 6 |
| 56:48 | Eugenius · tribute_sent a jugador 7 |
| 56:48 | Moneimon · tribute_sent a jugador 1 |
| 56:48 | Moneimon · tribute_sent a jugador 2 |
| 56:48 | Moneimon · tribute_sent a jugador 3 |
| 56:48 | Moneimon · tribute_sent a jugador 5 |
| 56:48 | Moneimon · tribute_sent a jugador 6 |
| 56:48 | Moneimon · tribute_sent a jugador 7 |
| 56:48 | Moneimon · tribute_sent a jugador 8 |
| 58:42 | ANKR.Navvy · wall_segment Stone Wall x17 |
| 58:43 | ANKR.Navvy · wall_segment Stone Wall x13 |
| 59:06 | G-Dragon · first_market_buy 100 stone |
| 59:23 | 君花客 · age_up imperial |
| 59:23 | [TNT] KKKFFFFFFCC · first_building Stable |
| 59:36 | Eugenius · tribute_sent a jugador 1 |
| 59:36 | Eugenius · tribute_sent a jugador 2 |
| 59:36 | Eugenius · tribute_sent a jugador 3 |
| 59:36 | Eugenius · tribute_sent a jugador 4 |
| 59:36 | Eugenius · tribute_sent a jugador 5 |
| 59:36 | Eugenius · tribute_sent a jugador 6 |
| 59:36 | Eugenius · tribute_sent a jugador 7 |
| 59:40 | Eugenius · tribute_sent a jugador 1 |
| 59:40 | Eugenius · tribute_sent a jugador 2 |
| 59:40 | Eugenius · tribute_sent a jugador 3 |
| 59:40 | Eugenius · tribute_sent a jugador 4 |
| 59:40 | Eugenius · tribute_sent a jugador 5 |
| 59:40 | Eugenius · tribute_sent a jugador 6 |
| 59:40 | Eugenius · tribute_sent a jugador 7 |
| 59:41 | Moneimon · tribute_sent a jugador 1 |
| 59:41 | Moneimon · tribute_sent a jugador 2 |
| 59:41 | Moneimon · tribute_sent a jugador 3 |
| 59:41 | Moneimon · tribute_sent a jugador 5 |
| 59:41 | Moneimon · tribute_sent a jugador 6 |
| 59:41 | Moneimon · tribute_sent a jugador 7 |
| 59:41 | Moneimon · tribute_sent a jugador 8 |
| 59:48 | ANKR.Navvy · wall_segment Stone Wall x11 |
| 60:48 | [TNT] KKKFFFFFFCC · wall_segment Stone Wall x11 |
| 60:54 | [TNT] KKKFFFFFFCC · wall_segment Stone Wall x37 |
| 60:56 | Fish · first_building Stable |
| 61:21 | Eugenius · tribute_sent a jugador 1 |
| 61:21 | Eugenius · tribute_sent a jugador 2 |
| 61:21 | Eugenius · tribute_sent a jugador 3 |
| 61:21 | Eugenius · tribute_sent a jugador 4 |
| 61:21 | Eugenius · tribute_sent a jugador 5 |
| 61:21 | Eugenius · tribute_sent a jugador 6 |
| 61:21 | Eugenius · tribute_sent a jugador 7 |
| 61:23 | 白龍 · tribute_sent a jugador 2 |
| 61:23 | 白龍 · tribute_sent a jugador 3 |
| 61:23 | 白龍 · tribute_sent a jugador 4 |
| 61:23 | 白龍 · tribute_sent a jugador 5 |
| 61:23 | 白龍 · tribute_sent a jugador 6 |
| 61:23 | 白龍 · tribute_sent a jugador 7 |
| 61:23 | 白龍 · tribute_sent a jugador 8 |
| 61:25 | Moneimon · tribute_sent a jugador 1 |
| 61:25 | Moneimon · tribute_sent a jugador 2 |
| 61:25 | Moneimon · tribute_sent a jugador 3 |
| 61:25 | Moneimon · tribute_sent a jugador 5 |
| 61:25 | Moneimon · tribute_sent a jugador 6 |
| 61:25 | Moneimon · tribute_sent a jugador 7 |
| 61:25 | Moneimon · tribute_sent a jugador 8 |
| 61:27 | ANKR.Navvy · wall_segment Stone Wall x1 |
| 61:28 | 君花客 · wall_segment Stone Wall x4 |
| 61:29 | 君花客 · wall_segment Stone Wall x22 |
| 61:40 | Moneimon · wall_segment Stone Wall x9 |
| 62:12 | Moneimon · tribute_sent a jugador 1 |
| 62:12 | Moneimon · tribute_sent a jugador 2 |
| 62:12 | Moneimon · tribute_sent a jugador 3 |
| 62:12 | Moneimon · tribute_sent a jugador 5 |
| 62:12 | Moneimon · tribute_sent a jugador 6 |
| 62:12 | Moneimon · tribute_sent a jugador 7 |
| 62:12 | Moneimon · tribute_sent a jugador 8 |
| 62:54 | ANKR.Navvy · wall_segment Stone Wall x10 |
| 62:57 | Eugenius · tribute_sent a jugador 1 |
| 62:57 | Eugenius · tribute_sent a jugador 2 |
| 62:57 | Eugenius · tribute_sent a jugador 3 |
| 62:57 | Eugenius · tribute_sent a jugador 4 |
| 62:57 | Eugenius · tribute_sent a jugador 5 |
| 62:57 | Eugenius · tribute_sent a jugador 6 |
| 62:57 | Eugenius · tribute_sent a jugador 7 |
| 63:27 | 白龍 · tribute_sent a jugador 2 |
| 63:27 | 白龍 · tribute_sent a jugador 3 |
| 63:27 | 白龍 · tribute_sent a jugador 4 |
| 63:27 | 白龍 · tribute_sent a jugador 5 |
| 63:27 | 白龍 · tribute_sent a jugador 6 |
| 63:27 | 白龍 · tribute_sent a jugador 7 |
| 63:27 | 白龍 · tribute_sent a jugador 8 |
| 64:58 | 君花客 · first_building Castle |
| 65:13 | ANKR.Navvy · wall_segment Stone Wall x1 |
| 65:20 | 白龍 · tribute_sent a jugador 2 |
| 65:20 | 白龍 · tribute_sent a jugador 3 |
| 65:20 | 白龍 · tribute_sent a jugador 4 |
| 65:20 | 白龍 · tribute_sent a jugador 5 |
| 65:20 | 白龍 · tribute_sent a jugador 6 |
| 65:20 | 白龍 · tribute_sent a jugador 7 |
| 65:20 | 白龍 · tribute_sent a jugador 8 |
| 65:26 | 君花客 · wall_segment Stone Wall x1 |
| 65:44 | 白龍 · tribute_sent a jugador 2 |
| 65:44 | 白龍 · tribute_sent a jugador 3 |
| 65:44 | 白龍 · tribute_sent a jugador 4 |
| 65:44 | 白龍 · tribute_sent a jugador 5 |
| 65:44 | 白龍 · tribute_sent a jugador 6 |
| 65:44 | 白龍 · tribute_sent a jugador 7 |
| 65:44 | 白龍 · tribute_sent a jugador 8 |
| 66:09 | 白龍 · tribute_sent a jugador 2 |
| 66:09 | 白龍 · tribute_sent a jugador 3 |
| 66:09 | 白龍 · tribute_sent a jugador 4 |
| 66:09 | 白龍 · tribute_sent a jugador 5 |
| 66:09 | 白龍 · tribute_sent a jugador 6 |
| 66:09 | 白龍 · tribute_sent a jugador 7 |
| 66:09 | 白龍 · tribute_sent a jugador 8 |
| 66:38 | 白龍 · tribute_sent a jugador 2 |
| 66:38 | 白龍 · tribute_sent a jugador 3 |
| 66:38 | 白龍 · tribute_sent a jugador 4 |
| 66:38 | 白龍 · tribute_sent a jugador 5 |
| 66:38 | 白龍 · tribute_sent a jugador 6 |
| 66:38 | 白龍 · tribute_sent a jugador 7 |
| 66:38 | 白龍 · tribute_sent a jugador 8 |
| 66:39 | G-Dragon · tribute_sent a jugador 1 |
| 66:39 | G-Dragon · tribute_sent a jugador 2 |
| 66:39 | G-Dragon · tribute_sent a jugador 4 |
| 66:39 | G-Dragon · tribute_sent a jugador 5 |
| 66:39 | G-Dragon · tribute_sent a jugador 6 |
| 66:39 | G-Dragon · tribute_sent a jugador 7 |
| 66:39 | G-Dragon · tribute_sent a jugador 8 |
| 67:27 | Moneimon · tribute_sent a jugador 1 |
| 67:27 | Moneimon · tribute_sent a jugador 2 |
| 67:27 | Moneimon · tribute_sent a jugador 3 |
| 67:27 | Moneimon · tribute_sent a jugador 5 |
| 67:27 | Moneimon · tribute_sent a jugador 6 |
| 67:27 | Moneimon · tribute_sent a jugador 7 |
| 67:27 | Moneimon · tribute_sent a jugador 8 |
| 67:32 | G-Dragon · tribute_sent a jugador 1 |
| 67:32 | G-Dragon · tribute_sent a jugador 2 |
| 67:32 | G-Dragon · tribute_sent a jugador 4 |
| 67:32 | G-Dragon · tribute_sent a jugador 5 |
| 67:32 | G-Dragon · tribute_sent a jugador 6 |
| 67:32 | G-Dragon · tribute_sent a jugador 7 |
| 67:32 | G-Dragon · tribute_sent a jugador 8 |
| 67:49 | Eugenius · wall_segment Palisade Wall x2 |
| 68:01 | Eugenius · wall_segment Palisade Wall x5 |
| 69:00 | Moneimon · tribute_sent a jugador 1 |
| 69:00 | Moneimon · tribute_sent a jugador 2 |
| 69:00 | Moneimon · tribute_sent a jugador 3 |
| 69:00 | Moneimon · tribute_sent a jugador 5 |
| 69:00 | Moneimon · tribute_sent a jugador 6 |
| 69:00 | Moneimon · tribute_sent a jugador 7 |
| 69:00 | Moneimon · tribute_sent a jugador 8 |
| 69:04 | G-Dragon · tribute_sent a jugador 1 |
| 69:04 | G-Dragon · tribute_sent a jugador 2 |
| 69:04 | G-Dragon · tribute_sent a jugador 4 |
| 69:04 | G-Dragon · tribute_sent a jugador 5 |
| 69:04 | G-Dragon · tribute_sent a jugador 6 |
| 69:04 | G-Dragon · tribute_sent a jugador 7 |
| 69:04 | G-Dragon · tribute_sent a jugador 8 |
| 69:35 | Moneimon · tribute_sent a jugador 1 |
| 69:35 | Moneimon · tribute_sent a jugador 2 |
| 69:35 | Moneimon · tribute_sent a jugador 3 |
| 69:35 | Moneimon · tribute_sent a jugador 5 |
| 69:35 | Moneimon · tribute_sent a jugador 6 |
| 69:35 | Moneimon · tribute_sent a jugador 7 |
| 69:35 | Moneimon · tribute_sent a jugador 8 |
| 70:42 | 白龍 · tribute_sent a jugador 2 |
| 70:42 | 白龍 · tribute_sent a jugador 3 |
| 70:42 | 白龍 · tribute_sent a jugador 4 |
| 70:42 | 白龍 · tribute_sent a jugador 5 |
| 70:42 | 白龍 · tribute_sent a jugador 6 |
| 70:42 | 白龍 · tribute_sent a jugador 7 |
| 70:42 | 白龍 · tribute_sent a jugador 8 |
| 71:11 | Moneimon · tribute_sent a jugador 1 |
| 71:11 | Moneimon · tribute_sent a jugador 2 |
| 71:11 | Moneimon · tribute_sent a jugador 3 |
| 71:11 | Moneimon · tribute_sent a jugador 5 |
| 71:11 | Moneimon · tribute_sent a jugador 6 |
| 71:11 | Moneimon · tribute_sent a jugador 7 |
| 71:11 | Moneimon · tribute_sent a jugador 8 |
| 71:12 | 君花客 · first_building Stable |
| 71:55 | 白龍 · tribute_sent a jugador 2 |
| 71:55 | 白龍 · tribute_sent a jugador 3 |
| 71:55 | 白龍 · tribute_sent a jugador 4 |
| 71:55 | 白龍 · tribute_sent a jugador 5 |
| 71:55 | 白龍 · tribute_sent a jugador 6 |
| 71:55 | 白龍 · tribute_sent a jugador 7 |
| 71:55 | 白龍 · tribute_sent a jugador 8 |
| 72:45 | Moneimon · tribute_sent a jugador 1 |
| 72:45 | Moneimon · tribute_sent a jugador 2 |
| 72:45 | Moneimon · tribute_sent a jugador 3 |
| 72:45 | Moneimon · tribute_sent a jugador 5 |
| 72:45 | Moneimon · tribute_sent a jugador 6 |
| 72:45 | Moneimon · tribute_sent a jugador 7 |
| 72:45 | Moneimon · tribute_sent a jugador 8 |
| 73:12 | Moneimon · wall_segment Stone Wall x1 |
| 73:13 | [TNT] KKKFFFFFFCC · wall_segment Stone Wall x3 |
| 73:32 | [TNT] KKKFFFFFFCC · first_building Siege Workshop |
| 73:40 | Moneimon · tribute_sent a jugador 1 |
| 73:40 | Moneimon · tribute_sent a jugador 2 |
| 73:40 | Moneimon · tribute_sent a jugador 3 |
| 73:40 | Moneimon · tribute_sent a jugador 5 |
| 73:40 | Moneimon · tribute_sent a jugador 6 |
| 73:40 | Moneimon · tribute_sent a jugador 7 |
| 73:40 | Moneimon · tribute_sent a jugador 8 |
| 73:48 | [TNT] KKKFFFFFFCC · tribute_sent a jugador 1 |
| 73:48 | [TNT] KKKFFFFFFCC · tribute_sent a jugador 2 |
| 73:48 | [TNT] KKKFFFFFFCC · tribute_sent a jugador 3 |
| 73:48 | [TNT] KKKFFFFFFCC · tribute_sent a jugador 4 |
| 73:48 | [TNT] KKKFFFFFFCC · tribute_sent a jugador 5 |
| 73:48 | [TNT] KKKFFFFFFCC · tribute_sent a jugador 6 |
| 73:48 | [TNT] KKKFFFFFFCC · tribute_sent a jugador 8 |
| 73:51 | G-Dragon · tribute_sent a jugador 1 |
| 73:51 | G-Dragon · tribute_sent a jugador 2 |
| 73:51 | G-Dragon · tribute_sent a jugador 4 |
| 73:51 | G-Dragon · tribute_sent a jugador 5 |
| 73:51 | G-Dragon · tribute_sent a jugador 6 |
| 73:51 | G-Dragon · tribute_sent a jugador 7 |
| 73:51 | G-Dragon · tribute_sent a jugador 8 |
| 74:19 | Moneimon · wall_segment Stone Wall x1 |
| 74:39 | 白龍 · first_building Siege Workshop |
| 74:57 | Moneimon · tribute_sent a jugador 1 |
| 74:57 | Moneimon · tribute_sent a jugador 2 |
| 74:57 | Moneimon · tribute_sent a jugador 3 |
| 74:57 | Moneimon · tribute_sent a jugador 5 |
| 74:57 | Moneimon · tribute_sent a jugador 6 |
| 74:57 | Moneimon · tribute_sent a jugador 7 |
| 74:57 | Moneimon · tribute_sent a jugador 8 |
| 75:24 | 白龍 · tribute_sent a jugador 2 |
| 75:24 | 白龍 · tribute_sent a jugador 3 |
| 75:24 | 白龍 · tribute_sent a jugador 4 |
| 75:24 | 白龍 · tribute_sent a jugador 5 |
| 75:24 | 白龍 · tribute_sent a jugador 6 |
| 75:24 | 白龍 · tribute_sent a jugador 7 |
| 75:24 | 白龍 · tribute_sent a jugador 8 |
| 76:07 | [TNT] KKKFFFFFFCC · wall_segment Stone Wall x8 |
| 78:09 | Moneimon · tribute_sent a jugador 1 |
| 78:09 | Moneimon · tribute_sent a jugador 2 |
| 78:09 | Moneimon · tribute_sent a jugador 3 |
| 78:09 | Moneimon · tribute_sent a jugador 5 |
| 78:09 | Moneimon · tribute_sent a jugador 6 |
| 78:09 | Moneimon · tribute_sent a jugador 7 |
| 78:09 | Moneimon · tribute_sent a jugador 8 |
| 79:45 | 白龍 · tribute_sent a jugador 2 |
| 79:45 | 白龍 · tribute_sent a jugador 3 |
| 79:45 | 白龍 · tribute_sent a jugador 4 |
| 79:45 | 白龍 · tribute_sent a jugador 5 |
| 79:45 | 白龍 · tribute_sent a jugador 6 |
| 79:45 | 白龍 · tribute_sent a jugador 7 |
| 79:45 | 白龍 · tribute_sent a jugador 8 |
| 79:51 | 白龍 · tribute_sent a jugador 2 |
| 79:51 | 白龍 · tribute_sent a jugador 3 |
| 79:51 | 白龍 · tribute_sent a jugador 4 |
| 79:51 | 白龍 · tribute_sent a jugador 5 |
| 79:51 | 白龍 · tribute_sent a jugador 6 |
| 79:51 | 白龍 · tribute_sent a jugador 7 |
| 79:51 | 白龍 · tribute_sent a jugador 8 |
| 80:14 | 白龍 · tribute_sent a jugador 2 |
| 80:14 | 白龍 · tribute_sent a jugador 3 |
| 80:14 | 白龍 · tribute_sent a jugador 4 |
| 80:14 | 白龍 · tribute_sent a jugador 5 |
| 80:14 | 白龍 · tribute_sent a jugador 6 |
| 80:14 | 白龍 · tribute_sent a jugador 7 |
| 80:14 | 白龍 · tribute_sent a jugador 8 |
| 80:21 | [TNT] KKKFFFFFFCC · tribute_sent a jugador 1 |
| 80:21 | [TNT] KKKFFFFFFCC · tribute_sent a jugador 2 |
| 80:21 | [TNT] KKKFFFFFFCC · tribute_sent a jugador 3 |
| 80:21 | [TNT] KKKFFFFFFCC · tribute_sent a jugador 4 |
| 80:21 | [TNT] KKKFFFFFFCC · tribute_sent a jugador 5 |
| 80:21 | [TNT] KKKFFFFFFCC · tribute_sent a jugador 6 |
| 80:21 | [TNT] KKKFFFFFFCC · tribute_sent a jugador 8 |
| 80:38 | G-Dragon · tribute_sent a jugador 1 |
| 80:38 | G-Dragon · tribute_sent a jugador 2 |
| 80:38 | G-Dragon · tribute_sent a jugador 4 |
| 80:38 | G-Dragon · tribute_sent a jugador 5 |
| 80:38 | G-Dragon · tribute_sent a jugador 6 |
| 80:38 | G-Dragon · tribute_sent a jugador 7 |
| 80:38 | G-Dragon · tribute_sent a jugador 8 |
| 82:13 | 白龍 · first_market_buy 100 stone |
| 83:54 | Eugenius · tribute_sent a jugador 1 |
| 83:54 | Eugenius · tribute_sent a jugador 2 |
| 83:54 | Eugenius · tribute_sent a jugador 3 |
| 83:54 | Eugenius · tribute_sent a jugador 4 |
| 83:54 | Eugenius · tribute_sent a jugador 5 |
| 83:54 | Eugenius · tribute_sent a jugador 6 |
| 83:54 | Eugenius · tribute_sent a jugador 7 |
| 84:19 | 白龍 · tribute_sent a jugador 2 |
| 84:19 | 白龍 · tribute_sent a jugador 3 |
| 84:19 | 白龍 · tribute_sent a jugador 4 |
| 84:19 | 白龍 · tribute_sent a jugador 5 |
| 84:19 | 白龍 · tribute_sent a jugador 6 |
| 84:19 | 白龍 · tribute_sent a jugador 7 |
| 84:19 | 白龍 · tribute_sent a jugador 8 |
| 84:29 | ANKR.Navvy · resign |
[ ANÁLISIS IA · 1 CRÉDITO ]
¿Qué pasó realmente en esta partida?
Wolo.gg analiza cada decisión: build order, eco, micro, errores típicos por bracket. Análisis personalizado por WhatsApp o Discord en 30 segundos.
Guía civ
Britanos
Perfil
Jugador #10046536